[Event "Late-Titled-Tuesday-Blitz-September-12-2023"]
[Site "Chess.com"]
[Date "2023.09.12"]
[Round "6"]
[White "Jospem"]
[Black "kleinebeer98"]
[Result "1-0"]
[WhiteElo "3098"]
[BlackElo "2818"]
[TimeControl "180+1"]
[EndTime "15:03:53 PDT"]
[Termination "Jospem won by resignation"]

1. e4 c5 2. Nf3 Nc6 3. c3 e6 4. d4 d5 5. exd5 exd5 6. Be3 cxd4 7. Nxd4 Nf6 8. Be2 Bd6 9. O-O O-O 10. Nd2 Re8 11. Re1 Ne5 12. h3 h6 13. Qb3 a6 14. Rad1 b5 15. a4 bxa4 16. Qxa4 Bc7 17. N4f3 Ng6 18. Bd3 Qd6 19. Qc2 Nf4 20. Bf1 Bd7 21.
c4 Rac8 22. c5 Qf8 23. Bxa6 Rb8 24. Bf1 Rb4 25. Bd4 Ne4 26. c6 Bf5 27. Qc1 Qd6 28. Bc5 Qg6 29. Kh1 Nxc5 30. Rxe8+ Kh7 31. Qxc5 Rxb2 32. Qf8 Qh5 33. Qh8+ Kg6 34. Rg8 Ne6 35. Re1 Be4 36. Nxe4 dxe4 37. Rxe4 Rb1 38. Rxe6+ Kf5 39. Qh7+ Kxe6 40. Qxb1 1-0

[Event "Late-Titled-Tuesday-Blitz-September-12-2023"]
[Site "Chess.com"]
[Date "2023.09.12"]
[Round "6"]
[White "Schattman"]
[Black "WaybackBoy"]
[Result "0-1"]
[WhiteElo "2492"]
[BlackElo "2723"]
[TimeControl "180+1"]
[EndTime "15:03:54 PDT"]
[Termination "WaybackBoy won by checkmate"]

1. Nf3 Nf6 2. g3 d5 3. Bg2 Bf5 4. O-O e6 5. c4 c6 6. Qb3 Qb6 7. d3 Nbd7 8. Qc2 h6 9. cxd5 cxd5 10. Be3 Bc5 11. Bxc5 Nxc5 12. Nc3 O-O 13. Na4 Nxa4 14.
Qxa4 Qxb2 15. Nd4 b5 16. Nxb5 Qxe2 17. Rad1 a6 18. Nd4 Qh5 19. f3 Bh3 20. Nc6 Bxg2 21.
Kxg2 Rfe8 22. d4 Qf5 23. Rf2 h5 24. h4 Kh8 25. Re2 Qh7 26. Ne5 Qg8 27. Rb2 Re7 28.
Rdb1 Rc7 29. Rb7 Rac8 30. Rxc7 Rxc7 31. Qxa6 Kh7 32. Rb7 Rc2+ 33. Kh3 Qc8 34. Rxf7 Qxa6 35. Rxf6 Qf1# 0-1

[Event "Late-Titled-Tuesday-Blitz-September-12-2023"]
[Site "Chess.com"]
[Date "2023.09.12"]
[Round "6"]
[White "PapaieDudu"]
[Black "Piotrek1979"]
[Result "0-1"]
[WhiteElo "2301"]
[BlackElo "2466"]
[TimeControl "180+1"]
[EndTime "15:03:54 PDT"]
[Termination "Piotrek1979 won by checkmate"]

1. e4 c6 2. d4 d5 3. e5 Bf5 4. Nf3 e6 5. Be2 Nd7 6. O-O Ne7 7. Re1 Bg6 8. Nbd2 Nf5 9. Nf1 Be7 10. c3 a5 11. Ne3 c5 12. Bb5 O-O 13. a4 cxd4 14.
cxd4 Nb6 15. Bd2 Nxe3 16. fxe3 Nc4 17. Bc3 Rc8 18. Rc1 Be4 19. Nd2 Nxd2 20. Qxd2 b6 21.
Rf1 f5 22. Qe2 Bg5 23. Rce1 Bh6 24. Qf2 Qe7 25. Qe2 Rc7 26. Rc1 Qg5 27. Bd2 Rfc8 28.
Rxc7 Rxc7 29. Rc1 Rxc1+ 30. Bxc1 Qh4 31. Bd2 g5 32. Be1 Qg4 33. Qxg4 fxg4 34. Kf2 Bf8 35. Kg3 h5 36. h4 gxh3 37. gxh3 h4+ 38. Kg4 Be7 39. Kh5 Bf5 40. Bf1 Kg7 41. Bd2 g4 42.
hxg4 Bg6# 0-1

[Event "Late-Titled-Tuesday-Blitz-September-12-2023"]
[Site "Chess.com"]
[Date "2023.09.12"]
[Round "6"]
[White "zajka-molotok"]
[Black "Good_Knight_Kiss"]
[Result "1-0"]
[WhiteElo "2504"]
[BlackElo "2339"]
[TimeControl "180+1"]
[EndTime "15:03:55 PDT"]
[Termination "zajka-molotok won on time"]

1. e4 c5 2. Nf3 d6 3. Bb5+ Nd7 4.
a4 Nf6 5. Nc3 a6 6. Be2 e6 7.
O-O Be7 8. a5 O-O 9. d3 Qc7 10.
Bf4 Nh5 11. Be3 Nb8 12. Nd2 Nf6 13. Nc4 Nfd7 14. f4 Nc6 15. f5 Nce5 16. fxe6 fxe6 17. Rxf8+ Bxf8 18. Bf4 Nxc4 19. dxc4 Ne5 20. Bxe5 dxe5 21. Bg4 Bd7 22. Nd5 Qc6 23. Nb6 Rd8 24. Qd3 Be7 25.
Qh3 Kf7 26. Rf1+ Bf6 27. Rd1 Be8 28. Qxh7 Rxd1+ 29. Bxd1 Bd8 30. Bh5+ Kf8 31. Qh8+ 1-0

[Event "Late-Titled-Tuesday-Blitz-September-12-2023"]
[Site "Chess.com"]
[Date "2023.09.12"]
[Round "6"]
[White "Hikaru"]
[Black "Arystanner"]
[Result "1-0"]
[WhiteElo "3208"]
[BlackElo "2836"]
[TimeControl "180+1"]
[EndTime "15:03:56 PDT"]
[Termination "Hikaru won by checkmate"]

1. Nf3 d5 2. b3 Nf6 3. e3 e6 4.
Bb2 Be7 5. c4 O-O 6. d4 b6 7.
cxd5 exd5 8. Bd3 c5 9. dxc5 bxc5 10. O-O Bg4 11. h3 Bh5 12. Be2 Nc6 13. Nh4 Bxe2 14. Qxe2 Re8 15. Rd1 Bf8 16. Nf3 d4 17. Qb5 Nb4 18. Na3 d3 19. Ne5 Ne4 20. Qc4 Nd6 21.
Qf4 g5 22. Qf3 Bg7 23. Nxd3 Bxb2 24. Nxb2 Qe7 25. Nac4 Ne4 26. Nd3 Rad8 27. Nde5 Rxd1+ 28. Rxd1 Nc3 29. Rd7 Qe6 30. Qxf7+ Qxf7 31. Nxf7 Nbxa2 32. Nxg5 Nc1 33. Nxh7 Re6 34. Ng5 Ra6 35. g4 Nxb3 36.
Ne5 Ne2+ 37. Kg2 Ra1 38. Ne6 c4 39. Rg7+ Kh8 40. Nf7# 1-0

[Event "Late-Titled-Tuesday-Blitz-September-12-2023"]
[Site "Chess.com"]
[Date "2023.09.12"]
[Round "6"]
[White "Hasangatin_Ramil"]
[Black "The_Straightforward_Rook"]
[Result "0-1"]
[WhiteElo "2697"]
[BlackElo "2545"]
[TimeControl "180+1"]
[EndTime "15:03:56 PDT"]
[Termination "The_Straightforward_Rook won on time"]

1. e4 e5 2. Nf3 Nc6 3. Bb5 Nf6 4. d3 Bc5 5. Bxc6 dxc6 6. Bg5 h6 7. Bh4 Qe7 8. Nbd2 Bg4 9. h3 Bh5 10. g4 Bg6 11.
Nc4 Bd6 12. Qe2 Qe6 13. Bxf6 Qxf6 14. O-O-O O-O-O 15. Kb1 h5 16. g5 Qe7 17. Rhg1 h4 18. Rde1 Bh5 19. Nxd6+ cxd6 20. Qe3 Bxf3 21. Qxf3 Qe6 22.
Qf5 Qxf5 23. exf5 g6 24. f4 exf4 25. Ref1 Rde8 26. Rxf4 Re3 27. fxg6 fxg6 28. Rf6 Rxh3 29. Rxg6 Rg3 30. Rc1 h3 31. Rh6 Rxh6 32. gxh6 Rg6 33.
h7 Rh6 34. Rh1 Rxh7 35. Kc1 Kd7 36. Kd2 Ke6 37. Ke3 Kf5 38. Kf3 h2 39. Kg3 d5 40.
Rf1+ Ke5 41. Rh1 Kd4 42. Kf3 b5 43. Ke2 b4 44. Kd2 c5 45. c3+ Ke5 46. Ke3 Rh3+ 47. Ke2 d4 48. cxb4 cxb4 49. b3 Re3+ 50. Kd2 Rh3 51.
Ke2 Kf4 52. Kf2 Rxd3 53. Kg2 Rd2+ 54. Kh3 Rxa2 0-1

[Event "Late-Titled-Tuesday-Blitz-September-12-2023"]
[Site "Chess.com"]
[Date "2023.09.12"]
[Round "6"]
[White "GianmarcoVaR"]
[Black "Taran2004"]
[Result "0-1"]
[WhiteElo "2629"]
[BlackElo "2430"]
[TimeControl "180+1"]
[EndTime "15:03:56 PDT"]
[Termination "Taran2004 won by checkmate"]

1. e4 c5 2. Nf3 d6 3. d4 cxd4 4.
Nxd4 Nf6 5. Nc3 a6 6. Bc4 e6 7. Bb3 Nc6 8. Be3 Be7 9. Qf3 O-O 10. O-O Qc7 11. Qg3 Nxd4 12. Bxd4 b5 13. e5 dxe5 14.
Bxe5 Qc6 15. Ne2 Bb7 16. c3 Rad8 17. Nd4 Qe4 18. Rae1 Qg6 19. Rd1 Qxg3 20. hxg3 Nd5 21. g4 Bf6 22. Bxf6 gxf6 23. Rfe1 Rfe8 24. f3 Kg7 25.
Kf2 Kg6 26. Ne2 Nb6 27. Bc2+ Kg7 28. Rc1 Rd2 29. Rh1 h6 30. Ke3 Nc4+ 31. Kf2 Nxb2 32. Ke1 Red8 33. Rh2 R2d6 34. Ng3 Nd3+ 35. Bxd3 Rxd3 36.
Nh5+ Kf8 37. Nxf6 Ke7 38. Rxh6 Rd2 39. Kf1 Rxa2 40. g5 Rdd2 41. Rh2 Bxf3 42. Rh8 Bxg2+ 43. Kg1 Bc6 44. Re1 Rg2+ 45. Kh1 Rge2+ 46. Kg1 Rxe1# 0-1

[Event "Late-Titled-Tuesday-Blitz-September-12-2023"]
[Site "Chess.com"]
[Date "2023.09.12"]
[Round "6"]
[White "Vadim_Biliy"]
[Black "Nigerianprodigy"]
[Result "0-1"]
[WhiteElo "2201"]
[BlackElo "2377"]
[TimeControl "180+1"]
[EndTime "15:03:57 PDT"]
[Termination "Nigerianprodigy won on time"]

1. d4 Nf6 2. Nf3 g6 3. e3 Bg7 4. Be2 O-O 5. O-O b6 6. b4 Bb7 7. c3 a5 8. b5 d6 9. Nbd2 Nbd7 10.
Bd3 e5 11. e4 Re8 12. Re1 h6 13. Bb2 Qe7 14. d5 Nc5 15. Nc4 Rf8 16. Bc2 Bc8 17. Ne3 Kh7 18. Ba3 Nfxe4 19. Nc4 Nxc3 20. Qd2 Nxb5 21.
Bxc5 bxc5 22. Nxa5 Bd7 23. a4 Nd4 24. Nxd4 cxd4 25. Nc4 Qg5 26. Qxg5 hxg5 27. f3 Ra7 28. g4 Bf6 29. a5 Kg7 30. Bd3 Rfa8 31. Reb1 Bd8 32.
Kf2 f5 33. h3 Kf6 34. Ke2 Be7 35. Kd2 Rh8 36. Bf1 Be8 37. Kc2 Bf7 38. Rb5 Rc8 39.
a6 c6 40. Rb7 Raa8 41. Nb6 cxd5+ 42. Nxc8 Rxc8+ 43. Kd2 e4 44. a7 e3+ 45. Kd3 Ke5 46. Rxe7+ Kf4 47. Rxf7 Rc3+ 48. Kxd4 e2 49. Bxe2 Rc2 0-1

[Event "Late-Titled-Tuesday-Blitz-September-12-2023"]
[Site "Chess.com"]
[Date "2023.09.12"]
[Round "6"]
[White "andrzej"]
[Black "aNaartjieZA"]
[Result "1-0"]
[WhiteElo "2440"]
[BlackElo "2539"]
[TimeControl "180+1"]
[EndTime "15:03:58 PDT"]
[Termination "andrzej won by resignation"]

1. e4 e6 2. d4 d5 3. Nc3 Bb4 4. e5 c5 5. a3 Bxc3+ 6. bxc3 Ne7 7. Qg4 Qc7 8. Bd3 cxd4 9. Ne2 dxc3 10. Qxg7 Rg8 11.
Qxh7 Nbc6 12. f4 b6 13. a4 Bb7 14. Ba3 Rxg2 15. h4 O-O-O 16. Qxf7 Qd7 17. Bb5 Rdg8 18. h5 Nf5 19. Qxd7+ Kxd7 20. Bd3 d4 21.
O-O-O Ne3 22. Rdg1 Rxg1+ 23. Rxg1 Rxg1+ 24. Nxg1 Ng4 25. Be4 Ba6 26. Nf3 Ne7 27. Nxd4 Bc4 28. Bxe7 Kxe7 29. Nc6+ Kf7 30. Nxa7 Nf2 31. Bf3 Nh3 32. Nc8 Ba6 33.
Nxb6 Nxf4 34. Nd7 Ke7 35. Nc5 Bc4 36. a5 Kd8 37. a6 Bxa6 38. Nxa6 1-0

[Event "Late-Titled-Tuesday-Blitz-September-12-2023"]
[Site "Chess.com"]
[Date "2023.09.12"]
[Round "6"]
[White "Njal28"]
[Black "temus_galaktionov"]
[Result "1-0"]
[WhiteElo "3114"]
[BlackElo "2839"]
[TimeControl "180+1"]
[EndTime "15:03:59 PDT"]
[Termination "Njal28 won on time"]

1. d4 c6 2. Nf3 g6 3. e4 Bg7 4. Be2 d6 5. O-O Nd7 6. Nc3 e5 7. d5 c5 8. Nb5 Nb8 9. a4 Nf6 10. Nd2 O-O 11. Bd3 a6 12. Nc3 b6 13. Nc4 Ne8 14. f4 exf4 15. Bxf4 Ra7 16. Qd2 Rb7 17. e5 dxe5 18. Bxe5 b5 19. axb5 axb5 20. Bxg7 Nxg7 21. Na5 Rb6 22. Bxb5 Bd7 23. Bxd7 Qxd7 24.
Nc4 Rb4 25. Ne4 f5 26. Ned6 Rf6 27. c3 Ra4 28. Nb6 Rxa1 29. Nxd7 Rxf1+ 30. Kxf1 Nxd7 31. Nc4 Kf7 32. Qe2 Ne8 33. Ne5+ Nxe5 34. Qxe5 Rb6 35. c4 Rb4 36. d6 Nxd6 37. Qxd6 Rxb2 38. Qxc5 Rb1+ 39. Ke2 Rb2+ 40. Kf3 Ra2 41. Qc7+ Kf6 42. Qd8+ Ke5 43. Qd5+ Kf6 44. Qd6+ 1-0

[Event "Late-Titled-Tuesday-Blitz-September-12-2023"]
[Site "Chess.com"]
[Date "2023.09.12"]
[Round "6"]
[White "jinxy2009"]
[Black "lilylg"]
[Result "1-0"]
[WhiteElo "2301"]
[BlackElo "2162"]
[TimeControl "180+1"]
[EndTime "15:04:01 PDT"]
[Termination "jinxy2009 won on time"]

1. e4 c6 2. d4 d5 3. e5 Bf5 4. h4 h5 5. Bd3 Bxd3 6. Qxd3 e6 7. Bg5 Qa5+ 8. Nd2 c5 9. dxc5 Bxc5 10. Nf3 Qa6 11.
c4 Nc6 12. O-O Nge7 13. a3 dxc4 14. Nxc4 Rd8 15. Qc2 b5 16. Ncd2 Bb6 17. Ne4 O-O 18.
Bf6 Rc8 19. Qe2 Nf5 20. Nfg5 g6 21. g4 Ncd4 22. Qd1 Nxh4 23. gxh5 Qb7 24. hxg6 fxg6 25. Qg4 Ndf5 26. Nxe6 Rc4 27. Bxh4 Nxh4 28. Qxh4 Rxe4 29. Qg5 Qf7 30. Nxf8 Kxf8 31. Rad1 Rf4 32. Qg2 Qe7 33. Rd6 1-0

[Event "Late-Titled-Tuesday-Blitz-September-12-2023"]
[Site "Chess.com"]
[Date "2023.09.12"]
[Round "6"]
[White "kuli4ik"]
[Black "rookoco"]
[Result "1-0"]
[WhiteElo "2949"]
[BlackElo "2711"]
[TimeControl "180+1"]
[EndTime "15:04:03 PDT"]
[Termination "kuli4ik won by resignation"]

1. Nf3 g6 2. d4 Nf6 3. e3 Bg7 4. Be2 O-O 5. O-O b6 6. b4 Bb7 7.
Bb2 c5 8. dxc5 bxc5 9. b5 d5 10. c4 d4 11. exd4 Ne4 12. Nbd2 cxd4 13. Nxe4 Bxe4 14.
Bxd4 Bxf3 15. Bxf3 Bxd4 16. Bxa8 Bxa1 17. Qxa1 Nd7 18.
Bc6 Nc5 19. Rd1 Qa5 20. Qe5 Rd8 21. Rxd8+ Qxd8 22. h3 Qd1+ 23. Kh2 Qd6 24. Qxd6 exd6 25. Kg3 Kg7 26. Kf4 Kf6 27. Bd5 g5+ 28. Ke3 Kg6 29.
Be4+ f5 30. Bc2 Kf6 31. Kd4 Ke6 32. a4 Nb7 33. g4 fxg4 34. hxg4 h6 35. Bf5+ Ke7 36.
Kd5 Na5 37. Bc2 Kd7 38. f3 Nb7 39. Bf5+ Kc7 40. Ke6 Nc5+ 41. Kf6 Nxa4 42. Kg6 Nb2 43. Be6 Nd3 44. Kxh6 Ne5 45. Bd5 Kd7 46. Kxg5 1-0

[Event "Late-Titled-Tuesday-Blitz-September-12-2023"]
[Site "Chess.com"]
[Date "2023.09.12"]
[Round "6"]
[White "AlejandroBalde"]
[Black "Gentlejimmy7"]
[Result "0-1"]
[WhiteElo "2007"]
[BlackElo "2530"]
[TimeControl "180+1"]
[EndTime "15:04:03 PDT"]
[Termination "Gentlejimmy7 won by checkmate"]

1. e4 c5 2. Nc3 e6 3. g3 a6 4. Bg2 b5 5. d3 Bb7 6. f4 d5 7. e5 Ne7 8. Nge2 h5 9. h3 Nf5 10. O-O Nc6 11. Kh2 Be7 12. Nb1 Qc7 13. c3 O-O-O 14. d4 Rdg8 15. a4 g5 16. axb5 axb5 17.
fxg5 Bxg5 18. dxc5 Qxe5 19. Qd3 h4 20. Bf4 Bxf4 21.
gxf4 Qg7 22. Rf2 Rh6 23. Na3 Rg6 24. Rg1 Rg3 25. Qxb5 Ne3 26. Bxd5 Nxd5 27. Nc4 Rxg1 28. Nd6+ Kd8 29. Nxb7+ Kc7 30. Nd4 Rg2+ 31. Kh1 Rg1+ 32. Kh2 Rh1+ 33. Kxh1 Qg1# 0-1

[Event "Late-Titled-Tuesday-Blitz-September-12-2023"]
[Site "Chess.com"]
[Date "2023.09.12"]
[Round "6"]
[White "KaydenTroffChess"]
[Black "Djager97"]
[Result "1-0"]
[WhiteElo "2737"]
[BlackElo "2532"]
[TimeControl "180+1"]
[EndTime "15:04:04 PDT"]
[Termination "KaydenTroffChess won on time"]

1. d4 Nf6 2. c4 c5 3. d5 d6 4. Nc3 g6 5. g3 Bg7 6. Bg2 O-O 7. Nf3 e6 8. O-O exd5 9. Nxd5 Nxd5 10.
Qxd5 Be6 11. Qxb7 Nd7 12. Ng5 Rb8 13. Nxe6 fxe6 14. Qxa7 Ne5 15. Qa4 Rb4 16. Qc2 Rxc4 17. Qb3 Qe7 18. Bd2 d5 19. Rad1 Nc6 20. Bc3 Rb8 21.
Qa3 Bxc3 22. bxc3 Kg7 23. Qa6 Qb7 24. Qxb7+ Rxb7 25. Bh3 Kf6 26. Rd3 Ra7 27. Rf3+ Ke7 28. Re3 e5 29. Bg2 d4 30. Rd3 Kd6 31. cxd4 exd4 32.
Rf3 Ne5 33. Rf6+ Ke7 34. Rb6 Rxa2 35. Bd5 Rxe2 36. Re6+ Kd7 37. Bxc4 Nf3+ 38. Kg2 Rxe6 39. Bxe6+ 1-0

[Event "Late-Titled-Tuesday-Blitz-September-12-2023"]
[Site "Chess.com"]
[Date "2023.09.12"]
[Round "6"]
[White "Athanasios2"]
[Black "tptagain"]
[Result "0-1"]
[WhiteElo "2705"]
[BlackElo "2941"]
[TimeControl "180+1"]
[EndTime "15:04:05 PDT"]
[Termination "tptagain won on time"]

1. e4 c6 2. d4 d5 3. Nd2 dxe4 4. Nxe4 Nf6 5. Nxf6+ exf6 6. Nf3 Bd6 7. Bd3 O-O 8.
O-O Bg4 9. h3 Bh5 10. Re1 Nd7 11.
Bd2 a5 12. c4 a4 13. Bc3 c5 14. Be4 Qc7 15. Qd3 Bg6 16. d5 Rfe8 17. Rad1 Qb6 18. Qc2 Qa6 19. b3 axb3 20. axb3 Qb6 21. Bxg6 hxg6 22. Rxe8+ Rxe8 23. Ra1 Qc7 24. Qa2 Ne5 25. Nxe5 fxe5 26. Qa4 Qe7 27. Re1 e4 28. Qa1 f5 29.
Qd1 Qg5 30. Qd2 f4 31. Kh1 Qf5 32. Qc2 f3 33. Qd1 Qf4 34. g3 Qf5 35. Kh2 Kf7 36.
h4 Rh8 37. Kg1 Rxh4 0-1

[Event "Late-Titled-Tuesday-Blitz-September-12-2023"]
[Site "Chess.com"]
[Date "2023.09.12"]
[Round "6"]
[White "kai_nov"]
[Black "Schwindle"]
[Result "0-1"]
[WhiteElo "2244"]
[BlackElo "2436"]
[TimeControl "180+1"]
[EndTime "15:04:06 PDT"]
[Termination "Schwindle won on time"]

1. d4 Nf6 2. c4 e6 3. Nc3 Bb4 4. f3 d5 5. a3 Be7 6. e4 dxe4 7. fxe4 e5 8. d5 Bc5 9. Bg5 a5 10. Nf3 O-O 11. Be2 Nbd7 12. Qc2 h6 13. Bh4 Qe7 14.
O-O-O Re8 15. Kb1 Nf8 16. d6 cxd6 17. Nd5 Nxd5 18. Bxe7 Nxe7 19. Nh4 Ne6 20. Qa4 Rd8 21. Bg4 Nd4 22. Bxc8 Rdxc8 23. g4 b5 24. cxb5 Rab8 25.
Nf5 Nexf5 26. gxf5 Nxb5 27. Ka1 Bd4 28. Rd2 Nc3 29.
Qxa5 Nxe4 30. Rxd4 exd4 31. Qd5 Nc5 32. Qxd4 Nb3+ 33. Ka2 Nxd4 34. Rd1 Rc2 35. Rxd4 Rbxb2+ 36. Ka1 Rd2 37. Rb4 Rxb4 38. axb4 Rd5 39. b5 Rxb5 0-1

[Event "Late-Titled-Tuesday-Blitz-September-12-2023"]
[Site "Chess.com"]
[Date "2023.09.12"]
[Round "6"]
[White "falzehope0"]
[Black "The_Princess_Moon"]
[Result "0-1"]
[WhiteElo "2373"]
[BlackElo "2275"]
[TimeControl "180+1"]
[EndTime "15:04:06 PDT"]
[Termination "The_Princess_Moon won by resignation"]

1. d4 c5 2. e3 cxd4 3. exd4 d6 4. f4 Nf6 5. Bd3 g6 6. Nf3 Bg7 7. O-O O-O 8. Qe1 a6 9. Nbd2 Nc6 10. c3 b5 11. a3 Rb8 12. Kh1 a5 13. Ne4 Nxe4 14.
Bxe4 d5 15. Bd3 Bg4 16. Ne5 Nxe5 17. fxe5 Be6 18. Bf4 b4 19. cxb4 axb4 20. a4 b3 21.
Bb5 Qb6 22. Qd2 Rfc8 23. Rac1 Bf5 24. Rc3 Rxc3 25. Qxc3 Rc8 26. Qxb3 Qxd4 27. Bg3 Qd2 28. Bf4 Qd4 29. Bg3 h5 30. Be2 Qd2 31. Bf3 Rc1 32. Rxc1 Qxc1+ 33. Qd1 Qxb2 34. Bxd5 e6 35. Bf3 Bxe5 36. Bxe5 Qxe5 37. h3 Be4 38. Bxe4 Qxe4 39. Qa1 g5 40. a5 g4 41. hxg4 hxg4 42. a6 g3 43. a7 Qh4+ 44. Kg1 Qh2+ 45. Kf1 Qh1+ 0-1

[Event "Late-Titled-Tuesday-Blitz-September-12-2023"]
[Site "Chess.com"]
[Date "2023.09.12"]
[Round "6"]
[White "Kosak12"]
[Black "lachesisQ"]
[Result "0-1"]
[WhiteElo "2798"]
[BlackElo "3088"]
[TimeControl "180+1"]
[EndTime "15:04:07 PDT"]
[Termination "lachesisQ won by resignation"]

1. e4 c5 2. Nf3 e6 3. d4 cxd4 4. Nxd4 Nc6 5. Nc3 Qc7 6. Be3 a6 7. Qf3 Ne5 8. Qg3 h5 9. h4 Nf6 10. O-O-O d6 11. Be2 Bd7 12. Kb1 Rc8 13. Bg5 b5 14. f4 Nc4 15. Bxc4 Qxc4 16. e5 dxe5 17. fxe5 Ng4 18. Ne4 Qd5 19. Rhe1 Qb7 20. Qf4 Bc6 21. Nxc6 Qxc6 22. Rf1 Qc7 23. c3 Nxe5 24. Bf6 Nd7 25. Qxc7 Rxc7 26. Bg5 f6 27. Be3 Nc5 28. Nd6+ Bxd6 29.
Rxd6 Kf7 30. Bd4 Ra8 31. Rf3 Ne4 32. Rb6 Re7 33. Kc2 e5 34. Be3 Kg6 35. Rf1 Rd7 36. Rd1 Rxd1 37. Kxd1 Kf5 38. Ke2 Kg4 39. Rb7 g6 40. a4 bxa4 41. Rb3 axb3 0-1

[Event "Late-Titled-Tuesday-Blitz-September-12-2023"]
[Site "Chess.com"]
[Date "2023.09.12"]
[Round "6"]
[White "Abund"]
[Black "PabloZarnicki"]
[Result "1-0"]
[WhiteElo "2743"]
[BlackElo "2503"]
[TimeControl "180+1"]
[EndTime "15:04:10 PDT"]
[Termination "Abund won on time"]

1. e4 e5 2. Nf3 Nf6 3. Nxe5 d6 4. Nf3 Nxe4 5. d4 d5 6. Bd3 Nc6 7. O-O Be7 8. Nbd2 Bf5 9. Re1 Nd6 10. Nf1 O-O 11. Ng3 Bg6 12. c3 Re8 13. Bf4 Bf8 14. Bxg6 hxg6 15. Qb3 Ne7 16. Re2 c6 17. Bxd6 Qxd6 18. Qxb7 c5 19. Qb5 cxd4 20. Nxd4 Reb8 21. Qd3 Nc6 22. Nxc6 Qxc6 23. Rd1 Rd8 24. Red2 Rd7 25. Qf3 Rad8 26. Ne2 Bc5 27. Nf4 Qa4 28. b3 Qa5 29. b4 Bxb4 30. cxb4 Qxb4 31. Nxd5 Qa4 32. g3 Kf8 33. Kg2 Qc6 34. h4 Rd6 35. Qe4 Re6 36.
Qf3 Red6 37. Rd3 Qc5 38. Nf4 Rxd3 39. Rxd3 Re8 40. Nxg6+ Kg8 41. Nf4 Qb5 42. Re3 Rd8 43. Qe2 Rc8 44. Qxb5 1-0

[Event "Late-Titled-Tuesday-Blitz-September-12-2023"]
[Site "Chess.com"]
[Date "2023.09.12"]
[Round "6"]
[White "ural58"]
[Black "GMBenjaminBok"]
[Result "0-1"]
[WhiteElo "2542"]
[BlackElo "3005"]
[TimeControl "180+1"]
[EndTime "15:04:10 PDT"]
[Termination "GMBenjaminBok won by checkmate"]

1. e4 c5 2. Nf3 d6 3. Bb5+ Nd7 4.
a4 Nf6 5. Nc3 a6 6. Be2 g6 7. a5 Bg7 8. O-O O-O 9. d3 b5 10.
axb6 a5 11. Bg5 Bb7 12. Qd2 Qxb6 13. b3 Bc6 14. Bh6 Qb4 15. Bxg7 Kxg7 16. h4 Rfb8 17.
Rfb1 h6 18. Kf1 e6 19. Qe1 d5 20. exd5 exd5 21. Na4 d4 22. Nb2 Nd5 23. Nc4 Nc3 24. Rc1 Re8 25. Ng1 Qb8 26. Qd2 Qh2 27. Bf3 Bxf3 28. Nxf3 Qh1+ 29. Ng1 Ne2 30. Qxe2 Rxe2 31.
Kxe2 Qxg2 32. Nd6 Qg4+ 33. Kf1 Ne5 34. Re1 Nf3 35. Nxf3 Qxf3 36. Ne4 Ra6 37. Ng3 Rf6 38. Ne4 Rf4 39. Reb1 Rxh4 40. Ke1 Rh2 41. Kd2 f5 42. Rxa5 Qe3+ 43. Kd1 Rh1# 0-1

[Event "Late-Titled-Tuesday-Blitz-September-12-2023"]
[Site "Chess.com"]
[Date "2023.09.12"]
[Round "6"]
[White "chessprincesa1"]
[Black "CarlosjPineror"]
[Result "0-1"]
[WhiteElo "2264"]
[BlackElo "2438"]
[TimeControl "180+1"]
[EndTime "15:04:12 PDT"]
[Termination "CarlosjPineror won on time"]

1. d4 Nf6 2. c4 g6 3. g3 Bg7 4. Bg2 O-O 5. Nc3 d6 6. Nf3 Nbd7 7.
O-O e5 8. Qc2 exd4 9. Nxd4 Nb6 10.
b3 c5 11. Ndb5 a6 12. Na3 d5 13. cxd5 Nfxd5 14. Bb2 Nb4 15. Qc1 Qe7 16. Nc4 Nxc4 17. bxc4 Be6 18. Nd5 Bxd5 19. cxd5 Qxe2 20. Bxg7 Kxg7 21.
Qxc5 Nd3 22. Qd4+ f6 23. Rad1 Ne5 24. f4 Ng4 25. Rfe1 Qxa2 26. h3 Nh6 27. d6 Nf5 28. Qf2 Qxf2+ 29. Kxf2 Rad8 30. Re6 b5 31. g4 Nh6 32.
Bc6 b4 33. d7 a5 34. Ra1 b3 35.
Re2 Rb8 36. Rb2 Rb6 37. Ba4 Rb4 0-1

[Event "Late-Titled-Tuesday-Blitz-September-12-2023"]
[Site "Chess.com"]
[Date "2023.09.12"]
[Round "6"]
[White "vugarrasulov"]
[Black "AndreiITrifan"]
[Result "1-0"]
[WhiteElo "2943"]
[BlackElo "2647"]
[TimeControl "180+1"]
[EndTime "15:04:14 PDT"]
[Termination "vugarrasulov won by checkmate"]

1. b3 Nf6 2. Bb2 e6 3. Nf3 b6 4.
g3 Bb7 5. Bg2 Be7 6. O-O O-O 7.
c4 c5 8. d4 cxd4 9. Qxd4 d6 10.
Nc3 Nbd7 11. e4 a6 12. Rad1 Qc7 13. Rfe1 Rfd8 14. h3 Rac8 15. Qd2 Bf8 16. Nd4 Qb8 17.
g4 h6 18. f4 Qa8 19. g5 hxg5 20. fxg5 Ne8 21. g6 Nef6 22. gxf7+ Kxf7 23. Rf1 Re8 24. Rde1 Kg8 25. Qg5 Rc5 26. Qg3 Rh5 27. Nce2 e5 28. Nf5 Bxe4 29. Bxe4 Nxe4 30. Qf3 Rg5+ 31. Kh2 Nd2 32. Qf2 Nxf1+ 33. Rxf1 Qb8 34. Neg3 Nf6 35. Bc1 Rxf5 36. Nxf5 d5 37. Qg3 Qb7 38. Qg6 Qd7 39. Bg5 Re6 40. Nh6+ Kh8 41. Bxf6 Rxf6 42. Rxf6 gxf6 43. Qg8# 1-0

[Event "Late-Titled-Tuesday-Blitz-September-12-2023"]
[Site "Chess.com"]
[Date "2023.09.12"]
[Round "6"]
[White "petr577"]
[Black "Casper"]
[Result "0-1"]
[WhiteElo "2327"]
[BlackElo "2470"]
[TimeControl "180+1"]
[EndTime "15:04:17 PDT"]
[Termination "Casper won on time"]

1. e4 c5 2. Nf3 d6 3. d4 Nf6 4. Nc3 cxd4 5. Qxd4 Nc6 6. Bb5 e5 7. Qd3 Be7 8. Bg5 O-O 9. Rd1 Nb4 10. Qe2 h6 11. Bh4 Nh5 12. Bg3 Qa5 13. a3 Nc6 14.
O-O Bg4 15. Nd5 Bd8 16. Bxc6 bxc6 17. Ne3 Nxg3 18. hxg3 Bxf3 19. Qxf3 Qc5 20. Qg4 Bg5 21. Nf5 Rfd8 22. Kh2 g6 23. f4 Bf6 24. Nxh6+ Kg7 25. Nf5+ Kf8 26. Nh4 Kg7 27. fxe5 Qxe5 28. Rf5 Qe6 29.
Rdf1 Bxh4 30. gxh4 Rh8 31. Rxf7+ Qxf7 32. Rxf7+ Kxf7 33. Qd7+ Kg8 34. Qe6+ Kg7 35. Qe7+ Kg8 36. Qe6+ Kg7 0-1

[Event "Late-Titled-Tuesday-Blitz-September-12-2023"]
[Site "Chess.com"]
[Date "2023.09.12"]
[Round "6"]
[White "mbojan"]
[Black "tteshan"]
[Result "1-0"]
[WhiteElo "2771"]
[BlackElo "2533"]
[TimeControl "180+1"]
[EndTime "15:04:19 PDT"]
[Termination "mbojan won by resignation"]

1. a3 c5 2. b4 e6 3. bxc5 Bxc5 4. d4 Be7 5. c4 Nf6 6. Nc3 O-O 7. Nf3 d5 8. cxd5 Nxd5 9. Nxd5 Qxd5 10. e3 Nc6 11.
Bd3 Qh5 12. O-O Rd8 13. Bb2 Bd7 14. Rc1 Rac8 15. Qe2 Be8 16. Rfd1 Na5 17. h3 Ba4 18. Rxc8 Rxc8 19. Rc1 Rxc1+ 20. Bxc1 Qd5 21. e4 Qc6 22.
Bb2 h6 23. d5 Qc8 24. dxe6 Qxe6 25. Nd4 Qd7 26. Nf5 Bf8 27. Bxg7 Bxg7 28. Qg4 f6 29.
Nxh6+ Kh8 30. Nf5 Qf7 31. Nd6 Qc7 32. Nf5 Be8 33. Bc2 Qf7 34. e5 Qg6 35. Qh4+ Qh7 36. Qg3 Qg6 37. Qc3 Nc6 38. Nd6 Qh5 39. exf6 1-0

[Event "Late-Titled-Tuesday-Blitz-September-12-2023"]
[Site "Chess.com"]
[Date "2023.09.12"]
[Round "6"]
[White "MBA_CHESS_2021"]
[Black "AlexNovitz"]
[Result "1-0"]
[WhiteElo "2217"]
[BlackElo "2167"]
[TimeControl "180+1"]
[EndTime "15:04:19 PDT"]
[Termination "MBA_CHESS_2021 won by resignation"]

1. d4 Nf6 2. c4 e6 3. Nf3 Bb4+ 4.
Bd2 a5 5. Nc3 b6 6. e3 Bb7 7.
Bd3 O-O 8. O-O Bxc3 9. Bxc3 Ne4 10. Be1 d6 11. a3 Nd7 12. b4 axb4 13. axb4 f5 14. h3 g5 15. Rb1 g4 16. hxg4 fxg4 17.
Nd2 Ndf6 18. Nxe4 Nxe4 19. Qxg4+ Qg5 20. Qxg5+ Nxg5 21. f3 Ra2 22. e4 e5 23. d5 Rfa8 24. c5 Ba6 25. b5 Bc8 26. cxd6 cxd6 27. Bb4 Bh3 28. gxh3 Nxh3+ 29. Kh1 Nf2+ 30. Rxf2 Rxf2 31.
Bxd6 Rxf3 32. Bf1 Re8 33. Bg2 Rf2 34. Rg1 Kf7 35. Bh3 Kf6 36. Bf5 Rd8 37. Bc7 Ra8 38. Bxb6 Raa2 39. Bxf2 Rxf2 40. Rb1 h5 41. b6 h4 42. b7 Kg5 43. b8=Q Kf4 44. Qb3 Rf3 45. Qb4 Kg3 46. Rg1+ Kf4 47. Qd2+ Re3 48. Rf1+ Kg5 49. Qxe3+ Kf6 50. Qh6+ 1-0